AoeStats
← bone app the teeth

Highland

506257357Analyzed
3v3 RM · 20d ago on Sep 12, 2026· 86m 26s· 6 players
Game mode
Random Map
Map size
Normal (6 player)
Population
200
Speed
Normal
Resources
Standard
Victory
Conquest
Starting age
Dark Age
Ending age
Imperial Age
RankedLock teamsTeams togetherTeam positionsShared explorationLock speedFull tech treeHidden civsTurbo modeCheats
Victory
Defeat
🇨🇴 Persians · Colombia
1242
+8
🇨🇴 Khmer · Colombia
1051
+15
🇨🇴 Burgundians · Colombia
988
+17
🇺🇸 Hindustanis · United States
1061
-14
🇺🇸 Georgians · United States
1058
-14
🇺🇸 Britons · United States
995
-12
Aluerad
3:42 Loom
11:08 Feudal Age
13:18 Double-Bit Axe
19:48 Castle Age
18:46 Bloodlines
18:49 Scale Barding Armor
19:22 Forging
21:33 Husbandry
23:28 Horse Collar
26:23 Caravan
27:07 Wheelbarrow
28:39 Chain Barding Armor
29:51 Iron Casting
29:57 Bow Saw
29:40 Stone Mining
29:54 Gold Mining
34:59 Imperial Age
34:02 Heavy Plow
36:49 Conscription
35:54 Elite Monaspa
37:44 Plate Barding Armor
38:19 Blast Furnace
38:08 Crop Rotation
38:21 Aznauri Cavalry
39:51 Fortified Wall
39:39 Fletching
40:15 Murder Holes
43:08 Siege Engineers
43:24 Ballistics
44:05 Chemistry
43:08 Padded Archer Armor
43:05 Bodkin Arrow
51:29 Hand Cart
51:17 Bracer
52:38 Light Cavalry
53:52 Hussar
79:20 Pikeman
bone app the teeth
9:11 Loom
11:40 Feudal Age
12:28 Double-Bit Axe
12:25 Horse Collar
18:22 Castle Age
16:15 Fishing Lines
17:23 Stone Mining
17:23 Gold Mining
18:55 Scale Barding Armor
19:19 Heavy Plow
21:12 Bow Saw
22:24 Wheelbarrow
22:15 Gillnets
23:44 Forging
23:54 Scale Mail Armor
25:19 Grand Trunk Road
26:22 Chain Mail Armor
30:10 Hand Cart
29:40 Town Watch
32:59 Imperial Age
30:53 Squires
30:38 Arson
31:51 Iron Casting
32:05 Chain Barding Armor
31:57 Bloodlines
31:48 Husbandry
31:45 Light Cavalry
32:47 Fletching
33:18 Padded Archer Armor
34:16 Plate Barding Armor
34:39 Stone Shaft Mining
34:40 Gold Shaft Mining
34:12 Caravan
34:41 Conscription
34:58 Hoardings
34:27 Bodkin Arrow
35:50 Two-Man Saw
35:22 Elite Ghulam
37:03 Heavy Camel Rider
37:21 Hussar
38:27 Masonry
38:28 Fortified Wall
38:42 Ballistics
38:29 Siege Engineers
40:47 Bracer
40:29 Imperial Camel Rider
42:27 Blast Furnace
43:28 Medium Warships
43:35 Clinker Construction
46:46 Heavy Warships
47:36 Chemistry
50:11 Shatagni
50:51 Leather Archer Armor
51:05 Town Patrol
52:35 Ring Archer Armor
51:47 Elite Cannon Galleon
59:45 Demolition Ship
68:09 Siege Elephant
76:05 Careening
76:16 Carvel Hull
Onea Usix
9:22 Loom
11:37 Feudal Age
12:33 Double-Bit Axe
12:30 Horse Collar
13:00 Gold Mining
16:38 Wheelbarrow
20:24 Castle Age
18:46 Stone Mining
22:05 Heavy Plow
22:39 Bow Saw
22:37 Padded Archer Armor
22:27 Fletching
23:27 Caravan
24:27 Hand Cart
23:39 Crossbowman
24:19 Bodkin Arrow
28:13 Gold Shaft Mining
31:47 Leather Archer Armor
34:25 Imperial Age
32:47 Husbandry
32:56 Scale Barding Armor
33:05 Forging
34:55 Arbalester
36:08 Ring Archer Armor
35:38 Bracer
36:26 Town Watch
36:49 Cavalier
38:08 Iron Casting
37:54 Chain Barding Armor
39:36 Town Patrol
40:40 Two-Man Saw
40:36 Plate Barding Armor
41:02 Blast Furnace
40:04 Bracer
44:08 Yeomen
44:10 Conscription
53:21 Warwolf
54:26 Chemistry
53:47 Ballistics
53:23 Murder Holes
53:31 Light Cavalry
76:09 Fortified Wall
Geber-EL
4:05 Loom
10:37 Feudal Age
11:15 Double-Bit Axe
11:22 Horse Collar
18:15 Castle Age
17:36 Wheelbarrow
19:24 Bow Saw
19:17 Heavy Plow
19:31 Bloodlines
18:42 Light Cavalry
24:12 Husbandry
25:41 Hand Cart
31:22 Imperial Age
28:49 Gold Mining
28:49 Stone Mining
33:15 Pikeman
34:13 Caravan
35:59 Chemistry
35:09 Fortified Wall
35:05 Siege Engineers
34:57 Murder Holes
35:12 Scale Barding Armor
35:18 Forging
34:59 Fletching
35:10 Scale Mail Armor
35:12 Padded Archer Armor
35:26 Masonry
34:42 Halberdier
35:26 Heavy Scorpion
36:39 Chain Barding Armor
36:29 Hussar
38:08 Iron Casting
37:28 Bodkin Arrow
38:40 Conscription
38:46 Ballistics
40:11 Architecture
39:46 Double Crossbow
49:54 Demolition Ship
50:46 Medium Warships
51:54 Bracer
52:09 Leather Archer Armor
52:55 Blast Furnace
52:10 Chain Mail Armor
54:49 Medium Warships
54:54 Clinker Construction
54:55 Careening
54:53 Siphons
54:42 Heated Shot
55:24 Ring Archer Armor
55:31 Plate Barding Armor
76:16 Heavy Warships
76:18 Carvel Hull
78:19 Crop Rotation
Hen His Can
11:17 Feudal Age
14:57 Castle Age
13:54 Double-Bit Axe
13:50 Horse Collar
15:50 Bow Saw
15:42 Heavy Plow
20:16 Wheelbarrow
21:38 Town Watch
22:16 Hand Cart
22:48 Stone Mining
24:05 Stone Shaft Mining
24:52 Gold Mining
26:18 Gold Shaft Mining
29:14 Imperial Age
27:40 Town Patrol
27:26 Loom
28:06 Scale Barding Armor
28:12 Forging
29:33 Coinage
30:04 Chain Barding Armor
30:54 Two-Man Saw
30:26 Crop Rotation
31:15 Iron Casting
30:46 Husbandry
30:57 Bloodlines
31:24 Banking
30:20 Cavalier
31:47 Plate Barding Armor
32:16 Conscription
33:09 Blast Furnace
32:17 Savar
34:16 Guilds
34:23 Caravan
34:46 Fletching
35:58 Chemistry
35:18 Ballistics
35:33 Bodkin Arrow
35:52 Masonry
35:39 Murder Holes
41:50 Architecture
42:04 Hoardings
55:18 Elite War Elephant
56:11 Citadels
68:33 Light Cavalry
69:34 Hussar
Dr. No
6:32 Loom
13:44 Feudal Age
20:23 Wheelbarrow
25:39 Castle Age
27:30 Horse Collar
27:39 Double-Bit Axe
27:52 Pikeman
33:56 Elite Skirmisher
37:06 Caravan
43:45 Imperial Age
43:30 Ballistics
43:00 Light Cavalry
43:47 Husbandry
44:59 Halberdier
45:34 Hussar
47:47 Hand Cart
48:52 Chemistry
48:48 Scale Barding Armor
48:54 Forging
48:45 Scale Mail Armor
48:46 Padded Archer Armor
48:36 Fletching
73:57 Squires
75:34 Iron Casting
75:15 Chain Mail Armor
75:21 Chain Barding Armor
74:57 Bodkin Arrow
75:17 Leather Archer Armor
Connection lost

Rejoining the realm…

Still unreachable

The connection could not be restored.

Session expired

The server has moved on; the page needs a fresh start.